 Dungeon Crawl Stone Soup version 0.32-a0-519-g08f29ac1c3 (webtiles) character file.

Game seed: 12831394649844880703

366 Alarak the Shooter (level 6, -3/48 HPs)
             Began as a Demigod Hunter on Feb 28, 2024.
             Slain by Duvessa
             ... wielding a +0 short sword
              (12 damage)
             ... on level 4 of the Dungeon.
             The game lasted 00:08:34 (3104 turns).

Alarak the Shooter (Demigod Hunter)                 Turns: 3104, Time: 00:08:35

Health: -3/48      AC:  9    Str: 12    XL:     6   Next: 16%
Magic:  8/8        EV: 11    Int: 17    God:
Gold:   296        SH:  0    Dex: 25    Spells: 5/5 levels left

rFire   . . .        a - +0 shortbow
rCold   + . .        (shield currently unavailable)
rNeg    . . .        q - +1 ring mail
rPois   .            (no helmet)
rElec   .            i - +0 cloak
rCorr   .            (no gloves)
SInv    .            s - +0 pair of boots
Will    .....        (no amulet)
Stlth   ++           e - +6 ring of intelligence
HPRegen 0.28/turn    d - ring of protection from cold
MPRegen 0.11/turn

%: no passive effects
@: no status effects
A: high MP 1, forlorn, divine attributes
a: no special abilities


You were on level 4 of the Dungeon.
You visited 1 branch of the dungeon, and saw 4 of its levels.

You collected 296 gold pieces.

Inventory:

Hand Weapons
 a - a +0 shortbow (weapon)
 j - a +2 short sword of speed
Armour
 c - a +0 leather armour
 i - a +0 cloak (worn)
 l - a +0 plate armour
 q - a +1 ring mail (worn)
 s - a +0 pair of boots (worn)
Magical Staves
 r - a staff of alchemy
Jewellery
 d - a ring of protection from cold (right hand)
 e - a +6 ring of intelligence (left hand)
 m - a ring of protection from cold
Scrolls
 h - 2 scrolls of teleportation
 k - a scroll of amnesia
Potions
 b - a potion of haste
 f - 2 potions of ambrosia
 g - 2 potions of attraction {unknown}
 n - a potion of brilliance {unknown}
 o - a potion of might {unknown}
 u - 2 potions of curing {unknown}
 v - a potion of degeneration {unknown}


   Skills:
 - Level 1.7 Fighting
 - Level 6.1 Ranged Weapons
 + Level 3.2 Armour
 - Level 1.7 Dodging
 - Level 0.8 Stealth


You had 5 spell levels left.
You didn't know any spells.
Your spell library was empty.

Dungeon Overview and Level Annotations

Branches:
Dungeon (4/15)
 Temple: D:4-7

Annotations:
D:4 Duvessa


Innate Abilities, Weirdness & Mutations

You have an increased reservoir of magic. (+10% MP)
You shall have no god before yourself.
Your divine heritage dramatically boosts your attributes as you level up.


Message History

The adder bites you but does no damage.
Dowan mumbles some strange words.
Dowan blinks!
You shoot an arrow.
The arrow hits Duvessa but does no damage.
Duvessa is heavily wounded.
Duvessa hits you with a +0 short sword. The adder bites you but does no damage.
Duvessa hits you with a +0 short sword! The adder closely misses you.
You shoot an arrow. The arrow hits Duvessa!
Duvessa is severely wounded.
Duvessa misses you. The adder bites you. Duvessa says, "Did you see that move?
Perfect!"
You shoot an arrow. The arrow closely misses Duvessa.
Duvessa hits you with a +0 short sword. The adder bites you.
The adder bites you but does no damage. Duvessa hits you but does no damage.
You are too injured to fight recklessly!
You are too injured to fight recklessly!
You shoot an arrow. The arrow hits Duvessa.
Duvessa is almost dead.
Dowan misses you. Duvessa hits you with a +0 short sword.
The adder completely misses you. Dowan casts a spell at you.
The puff of flame is repelled.
You shoot an arrow. The arrow hits Dowan.
You kill Dowan!
Duvessa weeps, and shakes her weapon.
Duvessa goes berserk!
Duvessa barely misses you. The adder bites you but does no damage.
Duvessa hits you with a +0 short sword.
* * * LOW HITPOINT WARNING * * *
The adder bites you but does no damage.
Your Armour skill increases to level 3!
Unknown command.
You shoot an arrow. The arrow closely misses Duvessa.
Duvessa hits you with a +0 short sword.
* * * LOW HITPOINT WARNING * * *
The adder bites you but does no damage. Duvessa barely misses you.
You shoot an arrow. The arrow barely misses Duvessa.
The adder bites you but does no damage. Duvessa barely misses you.
The adder bites you but does no damage. Duvessa hits you with a +0 short sword!
You die...

...$ .... ....
###.$.. ##.... +
#.... ..#
#S)##...##
.#########.@e.....+
.............###.##
........>###.# .#
#..........#.# .#
#.######...#.# #.#
##..#.# #.# #..#.#
#.# ##...# #.#
#####.#.###.####..


You could see Duvessa (berserk, fast) and an adder.

Vanquished Creatures
  A scorpion (D:4)
  Dowan (D:4)
  A bombardier beetle (D:3)
  Jessica (D:3)
  Natasha (thrice) (D:2)
  An iguana (D:4)
  5 adders
  2 dart slugs (D:2)
  4 endoplasms
  3 giant cockroaches
  7 goblins
  A hobgoblin (D:1)
  8 jackals (D:1)
  4 quokkas
  5 ball pythons
  3 bats (D:1)
  2 frilled lizards
  9 kobolds
  4 rats
65 creatures vanquished.

Notes
Turn   | Place    | Note
-------+----------+-------------------------------------------
     0 | D:1      | Alarak the Demigod Hunter began the quest for the Orb.
     0 | D:1      | Reached XP level 1. HP: 17/17 MP: 3/3
    67 | D:1      | Reached skill level 4 in Ranged Weapons
    96 | D:1      | Reached XP level 2. HP: 24/24 MP: 4/4
   877 | D:2      | Reached XP level 3. HP: 29/29 MP: 5/5
  1120 | D:2      | Noticed Natasha
  1128 | D:2      | Killed Natasha
  1129 | D:2      | Reached skill level 5 in Ranged Weapons
  1324 | D:2      | Reached XP level 4. HP: 33/36 MP: 6/6
  1493 | D:2      | Noticed Natasha
  1502 | D:2      | Killed Natasha
  1847 | D:2      | Noticed Natasha
  1856 | D:2      | Killed Natasha
  2140 | D:3      | Reached skill level 6 in Ranged Weapons
  2140 | D:3      | Reached XP level 5. HP: 41/41 MP: 7/7
  2191 | D:3      | Identified the +0 mace "Ankabuh" {venom, rPois Str-5 Int+3}
  2513 | D:3      | Noticed Jessica
  2531 | D:3      | Killed Jessica
  2532 | D:3      | Reached skill level 1 in Armour
  2923 | D:4      | Reached XP level 6. HP: 30/48 MP: 8/8
  3088 | D:4      | Noticed Duvessa
  3088 | D:4      | Noticed Dowan
  3102 | D:4      | Killed Dowan
  3104 | D:4      | Slain by Duvessa

Illustrated notes

Levels and vault maps discovered:
D:1:      amcnicky_arrival_gap_in_the_tavern_cellar, layout_loops_ring,
          chequers_serial_rivers_small_3, nicolae_kite_square_tiling_tiny,
          minmay_misc_feat_secret_circle
D:2:      layout_loops_ring, hellmonk_ecumenical_altar_leap_of_faith,
          minmay_tall_x, uniq_natasha
D:3:      layout_rooms, okawaru_ov_weapons_minmay, slow_altar_1, minivault_14,
          glass_columns_a, kennysheep_jessica_study
D:4:      layout_basic, ashenzari_altar_1, kennysheep_generic_room_2,
          uniq_sigmund, uniq_duvessa

Skill      XL: |  1  2  3  4  5  6 |
---------------+-------------------+-----
Ranged Weapons | 4 5 6 |  6.1
Armour         | 2 3 |  3.2
Fighting       | |  1.7
Dodging        | |  1.7
Stealth        | |  0.8

Action                     |  1- 3 |  4- 6 || total
---------------------------+-------+-------++-------
   Fire: Shortbow          |   111 |   124 ||   235
    Use: Scroll            |     6 |     9 ||    15
         Potion            |       |     1 ||     1
 Armour: Leather armour    |    26 |    37 ||    63
         Ring mail         |       |    21 ||    21
  Dodge: Dodged            |    31 |    54 ||    85
         Repelled          |       |     1 ||     1

Table legend: (Time is in decaauts)
 A = Elapsed time spent in this place.
 B = Non-inter-level travel time spent in this place.
 C = Inter-level travel time spent in this place.
 D = Time resting spent in this place.
 E = Time spent auto-exploring this place.
 F = Levels seen in this place.
 G = Mean time per level.
                   A        B        C        D        E       F      G
               +--------+--------+--------+--------+--------+-----+--------+
         Total |   3163 |   2797 |    366 |    594 |   1700 |   4 |  790.8 |
       Dungeon |   3163 |   2797 |    366 |    594 |   1700 |   4 |  790.8 |
               +--------+--------+--------+--------+--------+-----+--------+

Top non-repeatable levels by time:
     D:2: 1142 daAuts
     D:3: 880 daAuts
     D:1: 850 daAuts
     D:4: 290 daAuts
